 Dungeon Crawl Stone Soup version 0.27.1-16-g815e20cd7a (webtiles) character file.

Game seed: 2995817501086656920

22 zeram the Sneak (level 2, 0/15 HPs)
             Began as a Spriggan Brigand on Nov 22, 2021.
             Slain by a goblin (3 damage)
             ... led by Robin
             ... on level 1 of the Dungeon.
             The game lasted 00:00:47 (550 turns).

zeram the Sneak (Spriggan Brigand)                   Turns: 550, Time: 00:00:48

Health: 0/15       AC:  3    Str:  7    XL:     2   Next: 68%
Magic:  3/3        EV: 16    Int: 12    God:
Gold:   38         SH:  0    Dex: 16    Spells: 1/1 levels left

rFire    . . .     SeeInvis +   a - +2 dagger
rCold    . . .     Faith    .   (shield restricted)
rNeg     . . .     Spirit   .   b - +0 robe
rPois    .         Reflect  .   (helmet restricted)
rElec    .         Harm     .   c - +0 cloak
rCorr    .         Rampage  .   (gloves unavailable)
Will     .....                  (boots unavailable)
Stlth    +++.......             (no amulet)
HPRegen  0.05/turn              (no ring)
MPRegen  0.08/turn              (no ring)

@: very quick
A: very small, no large weapons, unfitting armour, see invisible, speed 3
a: no special abilities


You were on level 1 of the Dungeon.
You visited 1 branch of the dungeon, and saw 2 of its levels.

You collected 38 gold pieces.

Inventory:

Hand Weapons
 a - a +2 dagger (weapon)
Missiles
 d - 8 poisoned darts (quivered)
 e - 2 curare-tipped darts
 f - a throwing net
Armour
 b - a +0 robe (worn)
 c - a +0 cloak (worn)
Potions
 h - a potion of cancellation {unknown}
 i - 2 potions of flight {unknown}
 j - a potion of heal wounds {unknown}


   Skills:
 + Level 1.9 Fighting
 + Level 2.3 Short Blades
 + Level 2.2 Throwing
 + Level 1.4 Dodging
 + Level 6.6 Stealth


You had one spell level left.
You didn't know any spells.
Your spell library contained the following spells:

 Spells                   Type           Power      Damage    Failure   Level
 Summon Small Mammal      Summ           0%         N/A       32%         1
 Call Canine Familiar     Summ           0%         N/A       69%         3
 Portal Projectile        Hex/Tloc       0%         N/A       69%         3
 Summon Guardian Golem    Hex/Summ       0%         N/A       69%         3
 Leda's Liquefaction      Hex/Erth       0%         N/A       97%         4


Dungeon Overview and Level Annotations

Branches:
Dungeon (2/15)

Altars:

Annotations:
D:2 Robin


Innate Abilities, Weirdness & Mutations

You are very small and have problems with some larger weapons.
You are too small for most types of armour.
You have supernaturally acute eyesight. (SInv)
You cover ground extremely quickly. (Speed+++)


Message History

There are monsters nearby!
There are monsters nearby!
There are monsters nearby!
There are monsters nearby!
An endoplasm comes into view.
The endoplasm quivers.
You hear a shout! x2
The goblin shouts! x2; You hear an angry hiss.
Robin roars a battlecry!
The goblins go into a battle-frenzy!
There is a stone staircase leading up here.
A goblin comes into view. It is wielding a +0 club.
Robin throws the goblin at you!
A goblin comes into view. It is wielding a +0 club.
The goblin completely misses you.
A goblin comes into view. It is wielding a +0 dagger.
The goblin barely misses you. Robin throws the goblin at you!
The goblin closely misses you. The goblin hits you with a +0 club.
The goblin barely misses you.
You climb upwards.
There is a stone staircase leading down here.
You hit the goblin.
You kill the goblin!
The goblin hits you with a +0 dagger.
You hit the goblin.
The goblin is moderately wounded.
You barely miss the goblin.
The goblin is moderately wounded.
The goblin hits you with a +0 dagger.
You are too injured to fight recklessly!
You are too injured to fight recklessly!
You are too injured to fight recklessly!
You are too injured to fight recklessly!
You barely miss the goblin.
The goblin is moderately wounded.
The goblin misses you.
You barely miss the goblin. The goblin hits you with a +0 dagger.
* * * LOW HITPOINT WARNING * * *
You hit the goblin but do no damage. The goblin hits you with a +0 dagger.
You die...

.# #..#####..# #..........[......
.# #.........###'##############.#
.###.........##...............#.#
.............##............†..#..
.......####..#................#..
.......# #..#.#....############.
.####..# #.÷..#.##.# #. .# #..#
#..###g##.############. .#
#..####..#.)@................ .#
#......).#.###########.######
.####........#.#...........#
..)..........#.#...........#
........###..#.#...........#
........# #..#.#.........^.#
.#####..# #..#.#...........# .#
#..###..#.#..........## .#
#.......#.#..........#


You could see a goblin (strong).

Vanquished Creatures
  A ball python (D:1)
  2 endoplasms (D:1)
  A giant cockroach (D:1)
  2 goblins (D:1)
  4 hobgoblins (D:1)
  4 jackals (D:1)
  A quokka (D:1)
  A frilled lizard (D:1)
  A kobold (D:1)
  A rat (D:1)
18 creatures vanquished.

Notes
Turn   | Place    | Note
-------+----------+-------------------------------------------
     0 | D:1      | zeram the Spriggan Brigand began the quest for the Orb.
     0 | D:1      | Reached XP level 1. HP: 10/10 MP: 2/2
    22 | D:1      | Reached skill level 6 in Stealth
   103 | D:1      | Reached XP level 2. HP: 15/15 MP: 3/3
   387 | D:1      | Found a faded altar of an unknown god.
   537 | D:2      | Noticed Robin
   550 | D:1      | Slain by a goblin

Illustrated notes

Levels and vault maps discovered:
D:1:      dpeg_arrival_boxorama, layout_basic,
          hellmonk_ecumenical_altar_leap_of_faith
D:2:      layout_basic, basic_altar, nrook_mini_backslash, uniq_robin,
          uniq_crazy_yiuf_cottage

Skill      XL: |  1 |
---------------+----+-----
Stealth        | 6 |  6.6
Fighting       | |  1.9
Short Blades   | |  2.3
Throwing       | |  2.2
Dodging        | |  1.4

Action                   || total
-------------------------++-------
Melee: Dagger            ||    49
  Use: Scroll            ||     2
 Stab: Sleeping          ||     8
Armor: Robe              ||     3
Dodge: Dodged            ||    32
